 Dungeon Crawl Stone Soup version 0.28-b1-1-g3c77fb2ed1 (webtiles) character file.

Game seed: 10137159931647828205

83 crazypyro the Vexing (level 4, -3/34 HPs)
             Began as a Gnoll Arcane Marksman on Jan 29, 2022.
             Slain by an orc (9 damage)
             ... on level 2 of the Dungeon.
             The game lasted 00:03:43 (1425 turns).

crazypyro the Vexing (Gnoll Arcane Marksman)        Turns: 1425, Time: 00:03:44

Health: -3/34      AC:  3    Str:  9    XL:     4   Next: 44%
Magic:  8/8        EV: 13    Int: 13    God:
Gold:   48         SH:  0    Dex: 14    Spells: 8/9 levels left

rFire   . . .      SeeInvis .   a - +0 shortbow
rCold   . . .      Faith    .   (shield currently unavailable)
rNeg    . . .      Spirit   .   d - +0 robe
rPois   .          Reflect  .   (no helmet)
rElec   .          Harm     .   p - +0 cloak
rCorr   .          Rampage  .   (no gloves)
Will    .....                   (no boots)
Stlth   +.........              (no amulet)
HPRegen 0.11/turn               (no ring)
MPRegen 0.11/turn               (no ring)

@: confused
A: fangs 1, strong nose, distributed training
a: no special abilities


You were on level 2 of the Dungeon.
You visited 1 branch of the dungeon, and saw 2 of its levels.

You collected 48 gold pieces.

Inventory:

Hand Weapons
 a - a +0 shortbow (weapon)
 b - a +2 hunting sling of flaming
Missiles
 c - 10 arrows (quivered ammo)
 e - 63 stones
Armour
 d - a +0 robe (worn)
 p - a +0 cloak (worn)
Scrolls
 i - 2 scrolls of teleportation {unknown}
 j - 3 scrolls of identify {unknown}
 m - a scroll of enchant weapon {unknown}
 o - a scroll of brand weapon {unknown}
Potions
 f - 2 potions of attraction {unknown}
 g - a potion of ambrosia {unknown}
 h - a potion of heal wounds {unknown}
 k - a potion of might {unknown}
 l - a potion of curing {unknown}
 n - a potion of invisibility {unknown}


   Skills:
 + Level 2.7 Fighting
 + Level 1.1 Short Blades
 + Level 1.1 Long Blades
 + Level 1.1 Axes
 + Level 1.1 Maces & Flails
 + Level 1.1 Polearms
 + Level 1.1 Staves
 + Level 1.1 Slings
 + Level 4.6 Bows
 + Level 1.1 Crossbows
 + Level 1.1 Throwing
 + Level 1.1 Armour
 + Level 4.6 Dodging
 + Level 1.1 Stealth
 + Level 1.1 Shields
 + Level 1.1 Unarmed Combat
 + Level 3.0 Spellcasting
 + Level 0.9 Conjurations
 + Level 5.4 Hexes
 + Level 0.9 Summonings
 + Level 0.9 Necromancy
 + Level 0.9 Translocations
 + Level 0.9 Transmutations
 + Level 0.9 Fire Magic
 + Level 0.9 Ice Magic
 + Level 0.9 Air Magic
 + Level 0.9 Earth Magic
 + Level 0.9 Poison Magic
 + Level 1.2 Invocations
 + Level 1.1 Evocations


You had 8 spell levels left.
You knew the following spells:

 Your Spells              Type           Power      Damage    Failure   Level
a - Slow                  Hex            64%        N/A       2%          1

Your spell library contained the following spells:

 Spells                   Type           Power      Damage    Failure   Level
 Inner Flame              Hex/Fire       10%        N/A       19%         3
 Portal Projectile        Hex/Tloc       20%        N/A       19%         3
 Cause Fear               Hex            8%         N/A       24%         4


Dungeon Overview and Level Annotations

Branches:
Dungeon (2/15)

Altars:


Innate Abilities, Weirdness & Mutations

You have very sharp teeth.
Your uncanny sense of smell can sniff out nearby items.
Your experience applies equally to all skills.


Message History

The orc priest is lightly wounded.
You shoot an arrow.
The arrow hits the orc priest but does no damage.
The orc priest is lightly wounded.
The orc priest barely misses you.
You shoot an arrow. The arrow hits the orc priest.
The orc priest is lightly wounded.
You hear some strange, mumbled words.
You are confused.
The orc priest barely misses you.
You are too confused!
You are too confused!
You shoot an arrow. The orc priest hits you with a +0 mace!
Something hits you but does no damage.
You shoot an arrow.
The orc priest hits you but does no damage.
An orc comes into view. It is wielding a +0 morningstar.
You hear some strange, mumbled words.
You are more confused.
You shoot an arrow.
The orc priest looks braver for a moment.
Something hits you.
You shoot an arrow.
The orc priest hits you but does no damage.
You hear some strange, mumbled words.
A magic dart appears from out of thin air!
The magic dart hits you!
You shoot an arrow.
The arrow closely misses the orc priest.
The orc priest barely misses you. Something hits you.
You shoot an arrow. The orc priest hits you with a +0 mace.
The orc hits you but does no damage.
You hear some strange, mumbled words.
A magic dart appears from out of thin air!
The magic dart hits you.
* * * LOW HITPOINT WARNING * * *
You bump into the rock wall.
The orc priest hits you with a +0 mace.
* * * LOW HITPOINT WARNING * * *
The orc hits you with a +0 morningstar!
You die...

.# ##.##
#####...##
#........
#####(###..(#
#.......(..>####(
#........oo..()(.
#..##.##.@{##
#..##.##.#######
#..##.).........
##.#####.#####..
#.# #.# .. #.#
##.####.# ...
#.####...#...#
....
#......#...####...
#.####...# .#...


You could see an orc priest and an orc.

Vanquished Creatures
  A gnoll (D:1)
  2 adders (D:2)
  A worm (D:2)
  A dart slug (D:1)
  An orc (D:2)
  4 endoplasms
  5 hobgoblins
  4 jackals (D:1)
  4 kobolds
  2 quokkas (D:1)
  3 ball pythons
  6 bats
  4 frilled lizards
  7 goblins
  5 rats
50 creatures vanquished.

Notes
Turn   | Place    | Note
-------+----------+-------------------------------------------
     0 | D:1      | crazypyro the Gnoll Arcane Marksman began the quest for the
                  | Orb.
     0 | D:1      | Reached XP level 1. HP: 17/17 MP: 4/4
    58 | D:1      | Reached XP level 2. HP: 17/23 MP: 5/5
   277 | D:1      | Found a faded altar of an unknown god.
   349 | D:1      | Reached XP level 3. HP: 26/28 MP: 7/7
   500 | D:1      | Reached skill level 1 in Invocations
   883 | D:2      | Reached skill level 1 in Short Blades
   883 | D:2      | Reached skill level 1 in Long Blades
   883 | D:2      | Reached skill level 1 in Axes
   883 | D:2      | Reached skill level 1 in Maces & Flails
   883 | D:2      | Reached skill level 1 in Polearms
   883 | D:2      | Reached skill level 1 in Staves
   883 | D:2      | Reached skill level 1 in Slings
   883 | D:2      | Reached skill level 1 in Crossbows
   883 | D:2      | Reached skill level 1 in Throwing
   883 | D:2      | Reached skill level 1 in Armour
   883 | D:2      | Reached skill level 1 in Stealth
   883 | D:2      | Reached skill level 1 in Shields
   883 | D:2      | Reached skill level 1 in Unarmed Combat
   883 | D:2      | Reached skill level 1 in Evocations
  1069 | D:2      | Reached XP level 4. HP: 34/34 MP: 8/8
  1425 | D:2      | Slain by an orc

Illustrated notes

Levels and vault maps discovered:
D:1:      dpeg_arrival_fog, layout_rooms, hellmonk_ecumenical_altar_blasted
D:2:      minmay_razor_zed, layout_loops_ring, skrybe_limestone_x

Skill      XL: |  1  2  3  4 |
---------------+-------------+-----
Invocations    | 1 |  1.2
Short Blades   | 1 |  1.1
Long Blades    | 1 |  1.1
Axes           | 1 |  1.1
Maces & Flails | 1 |  1.1
Polearms       | 1 |  1.1
Staves         | 1 |  1.1
Slings         | 1 |  1.1
Crossbows      | 1 |  1.1
Throwing       | 1 |  1.1
Armour         | 1 |  1.1
Stealth        | 1 |  1.1
Shields        | 1 |  1.1
Unarmed Combat | 1 |  1.1
Evocations     | 1 |  1.1
Spellcasting   | 3 |  3.0
Fighting       | |  2.7
Bows           | |  4.6
Dodging        | |  4.6
Conjurations   | |  0.9
Hexes          | |  5.4
Summonings     | |  0.9
Necromancy     | |  0.9
Translocations | |  0.9
Transmutations | |  0.9
Fire Magic     | |  0.9
Ice Magic      | |  0.9
Air Magic      | |  0.9
Earth Magic    | |  0.9
Poison Magic   | |  0.9

Action                   |  1- 3 |  4- 6 || total
-------------------------+-------+-------++-------
 Fire: Shortbow          |    97 |    46 ||   143
       Hunting sling     |     6 |       ||     6
Armor: Robe              |     6 |     8 ||    14
Dodge: Dodged            |    39 |    13 ||    52
